 Dungeon Crawl Stone Soup version 0.21.1-1-g345015f (console) character file.

123 bli the Gusty (level 5, -2/28 HPs)
             Began as a Tengu Air Elementalist on July 28, 2018.
             Killed by divine providence
             ... invoked by an orc priest
              (13 damage)
             ... on level 3 of the Dungeon.
             The game lasted 00:15:43 (2094 turns).

bli the Gusty (Tengu Air Elementalist)              Turns: 2094, Time: 00:15:44

Health: -2/28      AC:  2    Str: 11    XL:     5   Next: 7%
Magic:  7/11       EV: 13    Int: 16    God:
Gold:   108        SH:  0    Dex: 14    Spells: 7/11 levels left

rFire    . . .     SeeInvis .   t - -1 hand axe (curse)
rCold    . . .     Gourm    .   (no shield)
rNeg     . . .     Faith    .   a - +0 robe
rPois    .         Spirit   .   (helmet restricted)
rElec    .         Reflect  .   (no cloak)
rCorr    .         Harm     .   (no gloves)
MR       .....                  (boots unavailable)
Stlth    +.........             (no amulet)
HPRegen  0.09/turn              e - ring of loudness (curse)
MPRegen  0.12/turn              i - +2 ring of strength

@: very slightly contaminated
A: beak, talons 3, able to fly 1
a: Fly


You were on level 3 of the Dungeon.
You were not hungry.

You visited 1 branch of the dungeon, and saw 3 of its levels.

You collected 108 gold pieces.

Inventory:

Hand Weapons
 f - a +0 dagger
 j - a +1 hunting sling of freezing
 o - a +0 club
 t - a cursed -1 hand axe (weapon)
Missiles
 l - 83 stones (quivered)
 m - 16 sling bullets
Armour
 a - a +0 robe (worn)
Jewellery
 e - a cursed ring of loudness (left hand)
 i - a +2 ring of strength (right hand)
Scrolls
 g - 2 scrolls of teleportation {unknown}
 h - a scroll of magic mapping {unknown}
 k - 2 scrolls of identify {unknown}
 p - 2 scrolls of fear {unknown}
 s - a scroll of amnesia {unknown}
Potions
 d - a potion of lignification {unknown}
 q - a potion of mutation {unknown}
 r - a potion of flight {unknown}
 u - a potion of curing {unknown}
Books
 b - a book of Air

   Spells                             Type                      Level
   a - Shock                          Conjuration/Air              1
   b - Swiftness                      Charms/Air                   2
   c - Static Discharge               Conjuration/Air              3
   d - Airstrike                      Air                          4
   e - Lightning Bolt                 Conjuration/Air              5
Comestibles
 c - 4 rations
 n - 8 chunks of flesh


   Skills:
 + Level 0.1 Fighting
 * Level 2.8 Dodging
 + Level 2.0 Stealth
 * Level 3.6 Spellcasting
 + Level 2.0 Conjurations
 + Level 5.1 Air Magic


You had 7 spell levels left.
You knew the following spells:

 Your Spells              Type           Power        Failure   Level  Hunger
a - Shock                 Conj/Air       ##..         4%          1    None
d - Static Discharge      Conj/Air       ##......     12%         3    ###....


Dungeon Overview and Level Annotations

Branches:
Dungeon (3/15)

Altars:


Innate Abilities, Weirdness & Mutations

You have a beak for a mouth.
You have claws for feet.
You can fly.


Message History

Aiming: Shock
Press: ? - help, Shift-Dir - straight line, p - orc The zap hits the orc.
The orc is lightly wounded.
The zap hits the orc.
The orc is almost dead.
The orc priest calls down the wrath of Beogh upon you.
Beogh smites you!
A kobold comes into view. It is wielding a club.
Casting: Shock
Confirm with . or Enter, or press ? or * to list all spells.
Aiming: Shock
Press: ? - help, Shift-Dir - straight line, f - kobold
Aim: a kobold, wielding a club You miscast Shock.
You are very lightly contaminated with residual magic.
Nothing appears to happen.
The giant cockroach bites you.
The orc priest invokes the aid of Beogh against you.
Beogh smites you!
You die...

#.....#......
#...K.#......
#...oo#.....#
#...........+
#....o.....
#..o.....
#...s# #..@.#
#+####


You could see 2 orc priests, 2 orcs, a giant cockroach and a kobold.

Vanquished Creatures
  A crimson imp (D:2)
  Terence (D:2)
  An ooze (D:1)
  A worm (D:2)
  2 dart slugs
  A leopard gecko (D:2)
  A ball python (D:2)
  8 goblins
  7 hobgoblins
  2 jackals (D:1)
  7 kobolds
  A quokka (D:2)
  7 bats
  7 frilled lizards
  3 rats (D:1)
50 creatures vanquished.

Notes
Turn   | Place    | Note
-------+----------+-------------------------------------------
     0 | D:1      | bli the Tengu Air Elementalist began the quest for the Orb.
     0 | D:1      | Reached XP level 1. HP: 10/10 MP: 4/4
   154 | D:1      | Reached XP level 2. HP: 14/15 MP: 1/6
   528 | D:1      | Reached XP level 3. HP: 19/19 MP: 4/7
  1290 | D:2      | Reached skill level 5 in Air Magic
  1290 | D:2      | Reached XP level 4. HP: 14/24 MP: 0/9
  1768 | D:2      | Noticed Terence
  1773 | D:2      | Killed Terence
  1773 | D:2      | Gained mutation: You can fly. [Tengu growth]
  1773 | D:2      | Reached XP level 5. HP: 23/28 MP: 5/11
  1893 | D:2      | Learned a level 3 spell: Static Discharge
  2094 | D:3      | Killed from afar by an orc priest

Skill      XL: |  1  2  3 |
---------------+----------+-----
Spellcasting   | 3 |  3.6
Conjurations   | 2 |  2.0
Air Magic      | 5 |  5.1
Fighting       | |  0.1
Dodging        | |  2.8
Stealth        | |  2.0

Action                   |  1- 3 |  4- 6 || total
-------------------------+-------+-------++-------
Melee: Dagger            |    19 |     4 ||    23
       Kick              |     5 |     3 ||     8
       Unarmed           |     1 |       ||     1
       Peck              |     4 |     1 ||     5
       Hand axe          |       |     4 ||     4
 Cast: Shock             |    63 |    26 ||    89
  Eat: Chunk             |     2 |     2 ||     4
Armor: Robe              |     5 |     2 ||     7
Dodge: Dodged            |    21 |     9 ||    30
